AoeStats
← AFG225

Black Forest

503938926Analyzed
4v4 RM · 29d ago on Sep 3, 2026· 50m 59s· 8 players
Game mode
Random Map
Map size
Large (8 player)
Population
200
Speed
Normal
Resources
Standard
Victory
Conquest
Starting age
Dark Age
Ending age
Imperial Age
RankedLock teamsTeams togetherTeam positionsShared explorationLock speedFull tech treeHidden civsTurbo modeCheats
Victory
Defeat
🇺🇾 Bulgarians · Uruguay
883
+12
🇫🇷 Persians · France
879
+12
🇺🇾 Khmer · Uruguay
870
+12
🇺🇸 Lithuanians · United States
861
+13
🇺🇸 Burgundians · United States
853
-14
🇺🇸 Romans · United States
815
-13
🇺🇸 Armenians · United States
796
-13
🇺🇸 Vietnamese · United States
699
-9
Sylvain MIrouff
8:56 Feudal Age
9:33 Double-Bit Axe
9:31 Horse Collar
14:48 Stone Mining
16:18 Wheelbarrow
16:16 Gold Mining
21:31 Castle Age
25:44 Stone Shaft Mining
25:33 Bow Saw
25:40 Heavy Plow
27:55 Hand Cart
30:01 Gold Shaft Mining
31:41 Murder Holes
31:57 Masonry
32:10 Masonry
36:35 Imperial Age
33:51 Loom
33:51 Town Watch
35:43 Kamandaran
36:04 Forging
35:45 Fletching
35:55 Padded Archer Armor
35:55 Scale Mail Armor
37:06 Guilds
37:02 Caravan
37:39 Crop Rotation
38:12 Two-Man Saw
38:09 Town Patrol
38:26 Citadels
38:19 Elite War Elephant
39:53 Architecture
39:31 Scale Barding Armor
41:55 Iron Casting
41:16 Bodkin Arrow
41:36 Leather Archer Armor
43:11 Chain Barding Armor
43:08 Leather Archer Armor
43:08 Chain Mail Armor
43:59 Blast Furnace
44:53 Plate Barding Armor
46:21 Plate Mail Armor
46:21 Ring Archer Armor
VersedSeal9311
0:45 Loom
11:43 Feudal Age
15:16 Double-Bit Axe
16:51 Horse Collar
22:17 Castle Age
21:12 Fletching
22:24 Elite Skirmisher
25:46 Bodkin Arrow
27:40 Wheelbarrow
30:38 Treadmill Crane
30:54 Pikeman
31:59 Forging
31:55 Scale Barding Armor
32:06 Bow Saw
33:36 Ballistics
33:27 Fortified Wall
37:11 Hand Cart
39:32 Imperial Age
37:54 Caravan
38:34 Gold Mining
38:35 Stone Mining
38:48 Heavy Plow
40:37 Conscription
40:56 Murder Holes
41:12 Masonry
42:12 Crop Rotation
42:23 Tower Shields
43:16 Stone Shaft Mining
44:09 Halberdier
48:42 Bracer
48:44 Padded Archer Armor
49:19 Iron Casting
50:42 Chain Barding Armor
50:24 Scale Mail Armor
50:40 Leather Archer Armor
52:34 Two-Man Saw
vitavidal91
6:20 Loom
11:05 Feudal Age
17:55 Castle Age
18:06 Stone Mining
18:10 Double-Bit Axe
18:06 Horse Collar
21:04 Horse Collar
24:51 Wheelbarrow
26:01 Hand Cart
35:00 Imperial Age
33:10 Husbandry
33:21 Bloodlines
33:22 Scale Barding Armor
33:08 Fletching
34:27 Chain Barding Armor
35:47 Ballistics
36:01 Elite Ballista Elephant
37:04 Double Crossbow
38:24 Plate Barding Armor
38:58 Chemistry
39:53 Conscription
39:52 Siege Engineers
49:54 Caravan
felipegarcia92
0:28 Loom
15:36 Feudal Age
18:32 Wheelbarrow
23:11 Forging
22:49 Double-Bit Axe
22:47 Horse Collar
25:07 Scale Mail Armor
28:58 Castle Age
26:56 Gold Mining
27:16 Scale Barding Armor
27:27 Bloodlines
27:44 Fletching
28:50 Padded Archer Armor
29:40 Heavy Plow
29:55 Bow Saw
32:07 Squires
31:53 Gambesons
31:37 Pikeman
31:43 Elite Skirmisher
33:54 Thumb Ring
34:59 Iron Casting
34:39 Chain Mail Armor
36:23 Stirrups
37:58 Chain Barding Armor
40:00 Bodkin Arrow
40:22 Caravan
45:24 Gold Shaft Mining
44:49 Murder Holes
49:10 Masonry
49:23 Ballistics
misterstaff
2:23 Loom
11:44 Feudal Age
12:12 Arson
12:17 Man-at-Arms
13:42 Long Swordsman
16:56 Scale Mail Armor
18:20 Double-Bit Axe
21:14 Wheelbarrow
21:32 Forging
26:34 Castle Age
27:30 Bow Saw
27:59 Horse Collar
30:33 Stone Mining
31:26 Heavy Plow
31:17 Gambesons
42:55 Gold Mining
43:29 Hand Cart
44:22 Fletching
44:32 Padded Archer Armor
45:10 Iron Casting
44:50 Chain Mail Armor
44:40 Scale Barding Armor
45:33 Fortified Wall
45:35 Masonry
45:30 Husbandry
45:40 Bloodlines
48:04 Imperial Age
47:50 Bodkin Arrow
48:10 Leather Archer Armor
47:21 Elite Skirmisher
49:50 Theocracy
50:50 Blast Furnace
50:20 Plate Mail Armor
50:10 Chain Barding Armor
49:50 Bracer
50:55 Squires
50:16 Pikeman
50:42 Gambesons
50:17 Two-Handed Swordsman
Glizzygirl10247
10:58 Feudal Age
11:34 Double-Bit Axe
11:32 Horse Collar
19:27 Wheelbarrow
19:17 Gold Mining
20:12 Stone Mining
23:53 Castle Age
22:40 Man-at-Arms
24:36 Squires
24:34 Pikeman
25:37 Bow Saw
25:31 Heavy Plow
27:28 Caravan
28:24 Hand Cart
27:39 Long Swordsman
34:11 Imperial Age
32:09 Ballistics
31:32 Crossbowman
31:35 Elite Skirmisher
33:01 Gold Shaft Mining
36:08 Chemistry
34:34 Halberdier
35:50 Scale Mail Armor
35:51 Padded Archer Armor
35:36 Imperial Skirmisher
36:27 Fletching
37:54 Chain Mail Armor
38:12 Murder Holes
39:16 Leather Archer Armor
38:57 Bodkin Arrow
39:47 Conscription
41:13 Comitatenses
42:47 Ring Archer Armor
42:29 Forging
44:40 Iron Casting
44:43 Crop Rotation
45:49 Fortified Wall
46:42 Blast Furnace
46:43 Ring Archer Armor
47:35 Scale Barding Armor
Golden-Dragon
4:06 Loom
7:50 Double-Bit Axe
10:45 Feudal Age
9:47 Horse Collar
12:20 Heavy Plow
18:39 Scale Barding Armor
24:16 Castle Age
25:05 Husbandry
24:25 Cavalier
25:43 Chain Barding Armor
25:35 Forging
27:03 Bow Saw
28:17 Gold Mining
31:02 Wheelbarrow
31:08 Gold Shaft Mining
30:27 Stone Mining
31:46 Iron Casting
36:44 Imperial Age
37:23 Guilds
37:25 Treadmill Crane
37:57 Fortified Wall
38:47 Hand Cart
40:59 Chemistry
39:55 Paladin
41:15 Plate Barding Armor
44:14 Conscription
48:32 Blast Furnace
AFG225
1:10 Loom
14:08 Feudal Age
15:39 Horse Collar
15:46 Double-Bit Axe
17:01 Man-at-Arms
21:06 Gold Mining
21:39 Stone Mining
24:10 Wheelbarrow
26:26 Fletching
26:38 Padded Archer Armor
26:48 Forging
26:39 Scale Mail Armor
31:34 Castle Age
32:41 Bow Saw
32:35 Heavy Plow
31:59 Pikeman
32:40 Squires
32:03 Crossbowman
33:03 Leather Archer Armor
35:28 Bodkin Arrow
37:15 Fortified Wall
37:26 Ballistics
38:38 Hand Cart
43:01 Treadmill Crane
45:54 Imperial Age
44:35 Iron Casting
44:16 Chain Mail Armor
44:07 Scale Barding Armor
48:37 Arbalester
49:23 Thumb Ring
Connection lost

Rejoining the realm…

Still unreachable

The connection could not be restored.

Session expired

The server has moved on; the page needs a fresh start.